 Dungeon Crawl Stone Soup version 0.28.0-53-g5a82cb258f (webtiles) character file.

Game seed: 11497259384264934178

4120 Doot the Covert (level 10, -15/68 HPs)
             Began as a Vampire Enchanter on May 21, 2022.
             Was a Believer of Sif Muna.
             Demolished by an orc warlord
             ... wielding a +0 great sword
              (40 damage)
             ... in a bailey.
             The game lasted 00:19:28 (9328 turns).

Doot the Covert (Vampire Enchanter)                 Turns: 9328, Time: 00:19:29

Health: -15/68     AC:  7    Str: 13    XL:     10   Next: 6%
Magic:  14/17      EV: 13    Int: 22    God:    Sif Muna [**....]
Gold:   500        SH:  0    Dex: 15    Spells: 3/19 levels left

rFire   . . .      SeeInvis +   H - +2 dagger (venom)
rCold   . . .      Faith    .   (no shield)
rNeg    . . .      Spirit   .   D - +0 steam dragon scales
rPois   .          Reflect  .   (no helmet)
rElec   .          Harm     .   d - +0 cloak
rCorr   .          Rampage  .   (no gloves)
Will    +....                   e - +0 pair of boots
Stlth   +++++.....              (no amulet)
HPRegen 0.41/turn               y - +6 ring of strength
MPRegen 0.15/turn               (no ring)

@: healing quickly
A: alive, fangs 3, see invisible, vampiric 2
a: Exsanguinate, Renounce Religion, Channel Magic


You were in a bailey.
You worshipped Sif Muna.
Sif Muna was pleased with you.
You visited 2 branches of the dungeon, and saw 9 of its levels.
You also visited: Sewer and Bailey.

You collected 500 gold pieces.

Inventory:

Hand Weapons
 a - a +1 dagger
 g - a +0 short sword of flaming
 t - the +1 mace "Pinoowk" {protect, Fly Str+2}
   (You found it in a sewer)

   It grants its wielder temporary protection when it strikes (+7 to AC).
   Str:       It affects your strength (+2).
   Fly:       It grants you flight.
 G - a +1 dagger of venom
 H - a +2 dagger of venom (weapon)
 L - a +3 dagger of protection
Missiles
 m - 30 poisoned darts
 Q - 3 curare-tipped darts
Armour
 b - a +0 robe
 d - a +0 cloak (worn)
 e - a +0 pair of boots (worn)
 h - a +1 scale mail of willpower
 v - a +2 chain mail of poison resistance
 D - +0 steam dragon scales (worn)
Jewellery
 y - a +6 ring of strength (left hand)
 C - a ring of protection from fire
Wands
 x - a wand of flame (54)
 O - a wand of mindburst (12)
 P - a wand of digging (7)
Scrolls
 j - a scroll of amnesia {unknown}
 k - a scroll of blinking {unknown}
 o - a scroll of vulnerability {unknown}
 p - 6 scrolls of teleportation
 z - 2 scrolls of immolation {unknown}
 A - a scroll of acquirement {unknown}
 B - 3 scrolls of noise
 E - a scroll of enchant armour {unknown}
 I - 2 scrolls of fog {unknown}
 J - a scroll of fear {unknown}
 N - a scroll of enchant weapon {unknown}
Potions
 c - 3 potions of invisibility
 i - 2 potions of might {unknown}
 l - 3 potions of flight
 n - 7 potions of curing
 q - a potion of brilliance {unknown}
 r - a potion of cancellation {unknown}
 s - 2 potions of resistance {unknown}
 u - a potion of magic {unknown}
 w - 5 potions of mutation
 F - 3 potions of haste
 K - a potion of lignification {unknown}
 M - 3 potions of heal wounds


   Skills:
 + Level 2.3 Fighting
 + Level 4.5 Short Blades
 + Level 0.3 Armour
 + Level 4.3 Dodging
 + Level 12.0 Stealth
 + Level 5.3 Spellcasting
 + Level 9.1 Hexes
 + Level 2.8 Transmutations
 + Level 0.2 Fire Magic
 + Level 4.4 Ice Magic
 * Level 2.5 Air Magic
 + Level 3.7 Poison Magic
 + Level 1.1 Invocations


You had 3 spell levels left.
You knew the following spells:

 Your Spells              Type           Power      Damage    Failure   Level
a - Ensorcelled Hibernat  Hex/Ice        70%        N/A       1%          2
b - Confusing Touch       Hex            46%        N/A       1%          3
c - Ignite Poison         Fire/Tmut/Pois 15%        N/A       12%         3
d - Metabolic Englaciati  Hex/Ice        17%        N/A       17%         5
e - Mephitic Cloud        Conj/Pois/Air  14%        N/A       13%         3

Your spell library contained the following spells:

 Spells                   Type           Power      Damage    Failure   Level
 Tukima's Dance           Hex            46%        N/A       1%          3
 Beastly Appendage        Tmut           36%        N/A       3%          1
 Wereblood                Tmut           18%        N/A       4%          2
 Dazzling Flash           Conj/Hex       52%        N/A       4%          3
 Ozocubu's Armour         Ice            25%        N/A       4%          3
 Spider Form              Tmut/Pois      20%        N/A       8%          3
 Passwall                 Tmut/Erth      10%        N/A       9%          2
 Sandblast                Erth           10%        2d5       10%         1
 Stone Arrow              Conj/Erth      10%        3d7       30%         3
 Freezing Cloud           Conj/Ice/Air   8%         6-21      71%         5
 Simulacrum               Ice/Necr       7%         N/A       99%         6


Dungeon Overview and Level Annotations

Branches:
Dungeon (8/15)             Temple (1/1) D:7           Sewer (visited)
 Bailey (1/1)
   Lair: D:8-11

Altars:
Cheibriados
Dithmenos
Elyvilon
Fedhas
Gozag
Hepliaklqana
Kikubaaqudgha
Makhleb
Okawaru
Ru
Sif Muna
Trog
Vehumet
Wu Jian
Xom
Yredelemnul
Zin

Shops:
D:8 [


Innate Abilities, Weirdness & Mutations

Your natural rate of healing is accelerated.
You have razor-sharp teeth.
You have supernaturally acute eyesight. (SInv)
You are afflicted with vampirism and can become a bat while bloodless.


Message History

Unknown command.
The orc warlord is engulfed in noxious fumes.
The orc warlord is engulfed in noxious fumes.
The orc warlord is engulfed in noxious fumes.
Things that are here:
a +0 war axe; a +0 leather armour; a hobgoblin skeleton
Casting: Mephitic Cloud (dangerous; 13% risk of failure)
Confirm with . or Enter, or press ? or * to list all spells.
Aiming: Mephitic Cloud (dangerous; 13% risk of failure)
Press: ? - help, Shift-Dir - straight line, f/p - orc warlord
Aim: an orc warlord, wielding a +0 great sword and wearing a +0 plate armour (confused, chance to affect: 29%)
Okay, then.
You hit the orc warlord but do no damage.
The orc warlord is poisoned.
The orc warlord seems less confused.
You hit the orc warlord but do no damage.
The orc warlord looks as sick as possible!
You bite the orc warlord, but do no damage.
The orc warlord is lightly wounded.
The orc warlord hits you with a +0 great sword!
There is a fountain of clear blue water here.
There is an open door here.
Items here: )) [[ ÷.
Things that are here:
a +0 hand axe; a +0 leather armour The orc warlord hits you with a +0 great sword!!
Casting: Mephitic Cloud (dangerous; 13% risk of failure)
Confirm with . or Enter, or press ? or * to list all spells.
Aiming: Mephitic Cloud (dangerous; 13% risk of failure)
Press: ? - help, Shift-Dir - straight line, p - orc warlord The ball explodes into a vile cloud!
The stinking cloud engulfs the orc warlord but does no damage.
The orc warlord is lightly wounded.
The orc warlord is engulfed in noxious fumes.
The orc warlord hits you with a +0 great sword!
The orc warlord is engulfed in noxious fumes.
The orc warlord appears confused.
The orc warlord hits you with a +0 great sword!!!
Ouch! That really hurt!
You die...

.....)8#.......
#.).........'.
......8##......
#...........#.
...)..###......
###.).......##.
.)..###.###....
###.###[....###♣.
#.#'#.....###.###....)#'#.###
♣♣
###.).......###.......).###
#..)......).#.).........#
#...........#.))........#
#.....⌠.....#☼○@.)⌠.....#
#...........○☼o.).).....#
#...........#...........#
##.........###........)##
###.....### ###.....###
###.### ###.### ### ###


You could see an orc warlord (confused, very poisoned).

Vanquished Creatures
  2 orc knights (Bailey)
  Maggie (D:6)
  A troll (D:6)
  A black bear (D:6)
  10 orc warriors
  A hornet zombie (D:7)
  2 ogres (D:5)
  A kobold brigand (D:4)
  Blork the orc (D:5)
  A water moccasin zombie (D:6)
  2 gnoll sergeants (D:5)
  3 scorpions
  A water moccasin skeleton (D:5)
  3 howler monkeys
  2 bullfrog zombies
  2 centaur skeletons
  2 hounds
  3 orc priests
  2 iguanas (D:5)
  4 orc wizards
  A killer bee zombie (D:4)
  A hound skeleton (D:5)
  15 gnolls
  A howler monkey skeleton (D:7)
  7 adders
  A white imp (D:5)
  An adder skeleton (D:4)
  A worm (D:5)
  4 dart slugs
  21 orcs
  4 bats
  10 endoplasms
  6 giant cockroaches
  17 hobgoblins
  4 jackals
  7 quokkas
  7 ball pythons
  5 frilled lizards
  19 goblins
  24 kobolds
  7 rats
208 creatures vanquished.

Vanquished Creatures (others)
  An orc (D:6)
  A fungus (D:1)
  4 plants (Sewer)
6 creatures vanquished.

Grand Total: 214 creatures vanquished

Notes
Turn   | Place    | Note
-------+----------+-------------------------------------------
     0 | D:1      | Doot the Vampire Enchanter began the quest for the Orb.
     0 | D:1      | Reached XP level 1. HP: 13/13 MP: 3/3
   218 | D:1      | Reached XP level 2. HP: 19/19 MP: 5/5
   324 | D:1      | Learned a level 2 spell: Ensorcelled Hibernation
   362 | D:1      | Reached skill level 5 in Stealth
   556 | D:1      | Found a faded altar of an unknown god.
   558 | D:1      | Gained mutation: You are afflicted with vampirism and can
                  | become a bat while bloodless. [Vampire growth]
   558 | D:1      | Reached XP level 3. HP: 24/24 MP: 6/6
   761 | D:3      | Reached skill level 6 in Stealth
   761 | D:3      | Reached XP level 4. HP: 27/30 MP: 5/7
   838 | D:3      | Found a shadowy altar of Dithmenos.
   995 | D:3      | Reached skill level 5 in Hexes
  1184 | D:3      | Found an iron altar of Okawaru.
  1184 | D:3      | Found an ornate altar of the Wu Jian Council.
  1185 | D:3      | Found a sacrificial altar of Ru.
  1264 | D:4      | Noticed a phantom
  1322 | D:4      | Noticed a kobold brigand
  1334 | D:4      | Reached skill level 1 in Ice Magic
  1349 | D:5      | Entered Level 5 of the Dungeon
  1366 | D:5      | Learned a level 3 spell: Confusing Touch
  1485 | D:4      | Noticed a scorpion
  1508 | D:4      | Killed a kobold brigand
  1509 | D:4      | Reached XP level 5. HP: 36/36 MP: 5/9
  1537 | D:4      | Reached skill level 7 in Stealth
  1590 | D:3      | Reached XP level 6. HP: 20/42 MP: 0/10
  1798 | D:4      | Found a glowing drain.
  1820 | D:4      | HP: 2/42 [poisoned by an adder]
  1833 | Sewer    | Entered a sewer
  2586 | Sewer    | Identified the +1 mace "Pinoowk" {protect, Fly Str+2}
  3321 | D:5      | Noticed Blork the orc
  3343 | D:5      | Killed Blork the orc
  3344 | D:5      | Reached skill level 1 in Fighting
  3357 | D:5      | Reached XP level 7. HP: 48/48 MP: 11/11
  3455 | D:6      | Reached skill level 8 in Stealth
  3543 | D:6      | Noticed a troll
  3547 | D:6      | Killed a troll
  3548 | D:6      | Reached skill level 9 in Stealth
  3963 | D:6      | Noticed Maggie
  3990 | D:6      | Killed Maggie
  3991 | D:6      | Reached XP level 8. HP: 31/54 MP: 3/13
  4571 | D:7      | Found an opulent altar of Gozag.
  4628 | D:7      | Reached skill level 10 in Stealth
  4761 | D:7      | Learned a level 3 spell: Ignite Poison
  4767 | D:7      | Found a staircase to the Ecumenical Temple.
  4779 | Temple   | Entered the Ecumenical Temple
  4916 | Temple   | Became a worshipper of Sif Muna the Loreminder
  5299 | D:5      | Reached skill level 1 in Transmutations
  6345 | D:3      | Reached * piety under Sif Muna
  6362 | D:3      | Reached XP level 9. HP: 45/59 MP: 6/15
  7756 | D:7      | Reached skill level 1 in Invocations
  7861 | D:7      | Found a shimmering altar of Xom.
  7910 | D:7      | Learned a level 5 spell: Metabolic Englaciation
  7945 | D:7      | Found a basalt altar of Yredelemnul.
  8226 | D:8      | Found Plog's Antique Armour Boutique.
  8232 | D:8      | Found a flagged portal.
  8244 | Bailey   | Entered a bailey
  8301 | Bailey   | Learned a level 3 spell: Mephitic Cloud
  8384 | Bailey   | Reached skill level 1 in Poison Magic
  8481 | Bailey   | Reached ** piety under Sif Muna
  8820 | Bailey   | Reached skill level 11 in Stealth
  8824 | Bailey   | Reached skill level 1 in Air Magic
  8874 | Bailey   | Noticed an orc warlord
  8960 | Bailey   | Noticed an orc knight
  8960 | Bailey   | Noticed an orc knight
  8987 | Bailey   | Killed an orc knight
  8988 | Bailey   | Reached skill level 5 in Spellcasting
  9060 | Bailey   | Killed an orc knight
  9061 | Bailey   | Reached XP level 10. HP: 60/67 MP: 8/17
  9145 | Bailey   | Reached skill level 12 in Stealth
  9182 | Bailey   | Identified the amulet of Taiqiz {Acrobat Dex+3}
  9328 | Bailey   | Demolished by an orc warlord

Illustrated notes

Levels and vault maps discovered:
D:1:      wheals_arrival_shading, layout_loops_ring,
          shapermc_ecumenical_altar_mp_ritualfount
D:2:      layout_basic
D:3:      layout_basic, mainiacjoe_overflow_brackets,
          gammafunk_temple_overflow_claw
D:4:      layout_basic, gup_sewer_entry_bubbles, minmay_goblin_kobold_house
D:5:      layout_basic, minmay_misc_feat_room, minmay_misc_feat_cross,
          minmay_joined_circles, uniq_blork_the_orc
D:6:      layout_basic, nicolae_water_bricks, uniq_maggie
D:7:      layout_cave_pools, grunt_temple_overflow_gold_and_silver,
          lemuel_round_altar, lemuel_round_altar,
          minmay_temple_entry_stoned_glass, serial_column_ruins,
          column_ruins_corridor_straight, column_ruins_open_tiny,
          column_ruins_columns_straight, column_ruins_grid_1,
          column_ruins_open_small, column_ruins_open_small
D:8:      layout_loops_ring, nicolae_overflow_hidden_temple, ashenzari_altar_1,
          enter_bailey_6, serial_shops, nicolae_inconvenience_store
Temple:   nicolae_temple_figure_zero
Bailey:   bailey_axe_minmay_hex_keep, bailey

Skill      XL: |  1  2  3  4  5  6  7  8  9 10 |
---------------+-------------------------------+-----
Stealth        | 5 6 7 9 10 11 12 | 12.0
Short Blades   | 2 3 4 |  4.5
Hexes          | 5 6 7 8 9 |  9.1
Ice Magic      | 1 3 4 |  4.4
Dodging        | 3 4 |  4.3
Fighting       | 1 2 |  2.3
Spellcasting   | 3 4 5 |  5.3
Transmutations | 2 |  2.8
Invocations    | 1 |  1.1
Poison Magic   | 3 |  3.7
Air Magic      | 2 |  2.5
Armour         | |  0.3
Fire Magic     | |  0.2

Action                   |  1- 3 |  4- 6 |  7- 9 | 10-12 || total
-------------------------+-------+-------+-------+-------++-------
Melee: Dagger            |    52 |       |   223 |    13 ||   288
       Bite              |     5 |    17 |    33 |     3 ||    58
       Short sword       |    19 |   202 |    47 |       ||   268
       Punch             |       |       |     6 |       ||     6
 Cast: Ensorcelled Hiber |     4 |    54 |    72 |     2 ||   132
       Confusing Touch   |       |     2 |     9 |       ||    11
       Mephitic Cloud    |       |       |     3 |     2 ||     5
       Ignite Poison     |       |       |     3 |       ||     3
  Use: Potion            |       |     1 |       |       ||     1
       Scroll            |       |       |     6 |       ||     6
 Stab: Sleeping          |    13 |    43 |    53 |     2 ||   111
       Confused          |       |     1 |    11 |       ||    12
Armor: Robe              |    16 |    52 |    14 |       ||    82
       Scale mail        |       |     9 |       |       ||     9
       Steam dragon scal |       |       |    50 |     2 ||    52
Dodge: Dodged            |    27 |   140 |   144 |     5 ||   316
